 Dungeon Crawl Stone Soup version 0.20.0-4-g10b340a (webtiles) character file.

259 Gataroth the Cudgeler (level 6, -1/39 HPs)
             Began as a Gargoyle Monk on May 27, 2017.
             Killed from afar by Sigmund (2 damage)
             ... with a puff of flame
             ... on level 5 of the Dungeon.
             The game lasted 00:09:57 (3226 turns).

Gataroth the Cudgeler (Gargoyle Monk)               Turns: 3226, Time: 00:09:58

Health: -1/39      AC: 17    Str: 17    XL:     6   Next: 17%
Magic:  6/6        EV: 10    Int: 10    God:
Gold:   145        SH:  0    Dex: 12    Spells: 5/5 levels left

rFire    + . .     SeeInvis .   a - +0 mace
rCold    . . .     Gourm    .   (no shield)
rNeg     + . .     Faith    .   q - +0 scale mail
rPois    ∞         Spirit   .   (no helmet)
rElec    +         Reflect  .   (no cloak)
rCorr    .         Harm     .   (no gloves)
MR       .....                  e - +0 pair of boots
Stlth    +.........             (no amulet)
Regen    0.2/turn               r - ring of protection from fire
MPRegen  0.1/turn               p - +5 ring of protection

@: no status effects
A: negative energy resistance 1, electricity resistance, unbreathing,
petrification resistance, rot immunity, AC +4
a: no special abilities


You were on level 5 of the Dungeon.
You were not hungry.

You visited 1 branch of the dungeon, and saw 5 of its levels.

You collected 145 gold pieces.

Inventory:

Hand Weapons
 a - a +0 mace (weapon)
Missiles
 d - 66 stones
 o - 7 javelins of penetration
 v - 3 tomahawks (quivered)
Armour
 e - a +0 pair of boots (worn)
 n - a +0 leather armour
 q - a +0 scale mail (worn)
Jewellery
 f - an uncursed ring of ice
 p - a +5 ring of protection (right hand)
 r - a ring of protection from fire (left hand)
 t - an uncursed ring of positive energy {unknown}
Scrolls
 h - a scroll of teleportation {unknown}
 i - 4 scrolls of identify {unknown}
 m - a scroll of noise {unknown}
 s - 3 scrolls of remove curse {unknown}
 x - 3 scrolls of recharging {unknown}
Potions
 g - 3 potions of brilliance {unknown}
 j - 2 potions of magic {unknown}
 l - 2 potions of curing {unknown}
 w - a potion of heal wounds {unknown}
Comestibles
 b - 2 royal jellies
 c - 4 bread rations
 k - a meat ration
 u - 5 chunks of flesh


   Skills:
 * Level 4.4 Fighting
 + Level 4.7 Maces & Flails
 + Level 2.5 Armour
 + Level 3.0 Dodging
 + Level 2.7 Stealth


You had 5 spell levels left.
You didn't know any spells.

Dungeon Overview and Level Annotations

Branches:
Dungeon (5/15)
 Temple: D:4-7

Altars:
Cheibriados

Annotations:
D:5 Sigmund


Innate Abilities, Weirdness & Mutations

You are resistant to torment.
Your stone body is resilient. (AC +4)
You are immune to poison.
You resist negative energy. (rN+)
You are resistant to electric shocks. (rElec)
You can survive without breathing.
You are immune to petrification.
You are immune to rotting.


Message History

You hear some strange, mumbled words.
A magic dart appears from out of thin air!
The magic dart hits you!
You barely miss something. Something hits you!
* * * LOW HITPOINT WARNING * * *
You miss something. Something hits you.
* * * LOW HITPOINT WARNING * * *
You barely miss something.
You hear the slow hiss of a very distant avalanche of sand.
Sigmund appears from thin air!
Reactivating autopickup.
Sigmund hits you with a vampiric scythe!
* * * LOW HITPOINT WARNING * * *
You hit Sigmund.
Sigmund is moderately wounded.
You closely miss Sigmund.
Sigmund is moderately wounded.
Sigmund points at you and mumbles some strange words.
The puff of flame hits you! You resist.
You die...

### ####.######
#.##.#@...#
#...<#@##.#
#.####..#.#
####.......#..
#..........#######+#
#.####..............
#...................
.....................
####..#..............


You could see Sigmund.

Vanquished Creatures
  A phantom (D:3)
  An orc wizard (D:4)
  The ghost of asdu the Chopper, a weakling DDAK of Lugonu (D:3)
  4 adders
  An ooze (D:3)
  3 worms
  2 dart slugs (D:1)
  A leopard gecko (D:2)
  3 orcs
  10 bats
  A giant cockroach (D:2)
  7 goblins
  8 hobgoblins
  6 jackals
  A quokka (D:2)
  2 ball pythons (D:2)
  5 frilled lizards
  A jackal skeleton (D:4)
  7 kobolds
  4 rats
  A fungus (D:2)
70 creatures vanquished.

Notes
Turn   | Place    | Note
-------+----------+-------------------------------------------
     0 | D:1      | Gataroth the Gargoyle Monk began the quest for the Orb.
     0 | D:1      | Reached XP level 1. HP: 14/14 MP: 1/1
     6 | D:1      | Noticed a lindwurm
     6 | D:1      | Noticed a black mamba
     6 | D:1      | Noticed a swamp drake
   184 | D:2      | Reached XP level 2. HP: 19/19 MP: 2/2
   796 | D:1      | Reached XP level 3. HP: 23/23 MP: 3/3
  1731 | D:3      | Noticed asdu's ghost (weakling DDAK)
  1754 | D:3      | Killed asdu's ghost
  1754 | D:3      | Reached XP level 4. HP: 10/29 MP: 4/4
  1980 | D:3      | Reached skill level 1 in Armour
  2000 | D:3      | Noticed a phantom
  2723 | D:3      | Reached XP level 5. HP: 33/33 MP: 5/5
  2728 | D:3      | Found a snail-covered altar of Cheibriados.
  2938 | D:3      | Killed a phantom
  2953 | D:3      | Reached XP level 6. HP: 35/39 MP: 6/6
  3175 | D:5      | Entered Level 5 of the Dungeon
  3188 | D:5      | Noticed Sigmund
  3224 | D:5      | HP: 1/39 [Sigmund/vampiric scythe (7)]
  3226 | D:5      | Killed from afar by Sigmund

Skill      XL: |  1  2  3  4  5 |
---------------+----------------+-----
Armour         | 1 2 |  2.5
Maces & Flails | 4 |  4.7
Fighting       | 4 |  4.4
Dodging        | 3 |  3.0
Stealth        | |  2.7

Action                   |  1- 3 |  4- 6 || total
-------------------------+-------+-------++-------
Melee: Mace              |   111 |   161 ||   272
 Stab: Sleeping          |     2 |     2 ||     4
  Eat: Chunk             |     3 |     5 ||     8
Armor: Robe              |    20 |       ||    20
       Leather armour    |    38 |    26 ||    64
       Scale mail        |       |    52 ||    52
Dodge: Dodged            |    95 |    71 ||   166
